 Dungeon Crawl Stone Soup version 0.14.2 (webtiles) character file.

40 Amnesiac the Charlatan (level 2, 0/22 HPs)
             Began as a Spriggan Artificer on Feb 9, 2018.
             Succumbed to a goblin's poison
             ... on Level 4 of the Dungeon.
             The game lasted 00:01:37 (838 turns).

Amnesiac the Charlatan (Spriggan Artificer)          Turns: 838, Time: 00:01:37

HP   0/22        AC 21     Str 12      XL: 2   Next: 62%
MP   5/5         EV  1     Int 13      God:
Gold 19          SH  0     Dex 16      Spells:  0 memorised,  1 level left

rFire  . . .     SeeInvis +     m - +2 dagger (venom)
rCold  . . .     Clarity  .     e - melded +0 robe
rNeg   + + +     Conserve .     (shield restricted)
rPois  +         rCorr    .     (helmet restricted)
rElec  .         rRot     .     (cloak currently unavailable)
SustAb . .       Spirit   .     (gloves unavailable)
rMut   .         Warding  .     (boots unavailable)
Saprov . . .     NoTele   +     (no amulet)
MR     .....                    (no ring)
                                (no ring)

@: tree-form, mighty, lethally poisoned, not resistant to hostile enchantments,
fairly stealthy
A: unfitting armour, see invisible, herbivore 3, (speed 0), slow metabolism 2
a: no special abilities


You were on level 4 of the Dungeon.
You were not hungry.
You were an animated tree.
You visited 1 branch of the dungeon, and saw 4 of its levels.

You collected 19 gold pieces.

Inventory:

Hand weapons
 m - a +2,+2 dagger of venom (weapon)
Missiles
 g - 37 stones (quivered)
 o - 13 darts
Armour
 e - a +0 robe (melded)
Magical devices
 b - a wand of flame (15)
 c - a wand of enslavement (15)
 d - a wand of random effects (15)
Scrolls
 a - a scroll of teleportation {!r, unknown}
 i - 2 scrolls of remove curse {!r, unknown}
 j - a scroll of recharging {!r, unknown}
 l - a scroll of random uselessness {!r, unknown}
 n - a scroll of identify {!r, unknown}
Potions
 f - a potion of porridge {!q}


   Skills:
 + Level 2.1 Fighting
 - Level 1.1 Short Blades
 - Level 3.0 Dodging
 - Level 1.5 Stealth
 - Level 4.0 Evocations


You had one spell level left.
You didn't know any spells.

Dungeon Overview and Level Annotations

Branches:
Dungeon (4/15)
 Temple: D:4-7

Altars:


Innate Abilities, Weirdness & Mutations

You are tiny and cannot use many weapons and most armour.
You have supernaturally acute eyesight.
You are a herbivore.
((You cover ground extremely quickly.))*
You need consume almost no food.


Message History

o - 13 darts
There is a stone staircase leading down here.
You climb downwards.
There is a stone staircase leading up here.
Found a stone staircase leading up.
There is a stone staircase leading up here.
There is an open door here.
You open the door.
There is an open door here.
Found a stone staircase leading down.
A rat comes into view.
There is a stone staircase leading down here.
You climb downwards.
There is a stone staircase leading up here.
A hobgoblin comes into view. It is wielding a club.
A hobgoblin is nearby!
A hobgoblin is nearby!
The hobgoblin shouts!
You hear a shout!
You hear a shout!
A goblin comes into view. It is wielding a glowing dagger.
The goblin shouts!
The goblin unwields an uncursed glowing dagger.
It stops dripping with poison.
The goblin wields a sling.
The goblin shoots a stone.
The stone hits you!
Found a curved copper wand.
You see here a stone.
You hit the hobgoblin but do no damage.
The hobgoblin is poisoned.
The hobgoblin closely misses you.
The goblin shoots a stone.
The stone hits you!
You hit the hobgoblin.
The hobgoblin looks even sicker.
The hobgoblin is severely wounded.
The hobgoblin misses you.
The goblin shoots a stone.
The stone hits you!
You hit the hobgoblin.
You kill the hobgoblin!
The goblin shoots a stone.
The stone hits you!
A hobgoblin comes into view. It is wielding a club.
The goblin unwields an uncursed sling.
The goblin wields an uncursed dagger of venom.
It begins to drip with poison!
The goblin barely misses you.
You hit the goblin but do no damage. The goblin closely misses you.
You closely miss the goblin.
The goblin hits you with an uncursed dagger of venom.
* * * LOW HITPOINT WARNING * * *
You are lethally poisoned!
You closely miss the goblin.
* * * LOW HITPOINT WARNING * * *
You feel sick. The goblin closely misses you.
You miss the goblin.
* * * LOW HITPOINT WARNING * * *
You feel sick. The hobgoblin closely misses you. The goblin closely misses you.
Unknown command.
* * * LOW HITPOINT WARNING * * *
You feel sick.
Drink which item? (? for menu, Esc to quit)
Really quaff
h - a viscous pink potion {!q}?
You feel very mighty all of a sudden.
It was a potion of might {!q}.
* * * LOW HITPOINT WARNING * * *
You feel sick.
A rat skeleton comes into view.
Drink which item? (? for menu, Esc to quit)
Really quaff
k - a metallic cyan potion {!q}?
You turn into an animated tree.
Your roots penetrate the ground.
It was a potion of lignification {!q}.
You die...

#.. #.# ####..###.#
... ..##.#
#..#.##.# #..#.##<#
# #.......#
##.##.##.#### .....
#.# ###
#..##♣##......
#..gg(........
.........##).###.#.
.####...# ..# #####
..# ..z .... .##.#
.# .


You could see a hobgoblin, a goblin and a rat skeleton (wandering).

Vanquished Creatures
  An adder (D:2)
  A giant gecko (D:2)
  A bat (D:2)
  A giant cockroach (D:1)
  3 hobgoblins
  A quokka (D:3)
  2 rats (D:1)
10 creatures vanquished.

Notes
Turn   | Place    | Note
--------------------------------------------------------------
     0 | D:1      | Amnesiac, the Spriggan Artificer, began the quest for the Orb.
     0 | D:1      | Reached XP level 1. HP: 9/9 MP: 2/2
    13 | D:1      | Reached skill level 1 in Fighting
   362 | D:2      | Reached XP level 2. HP: 2/15 MP: 5/5
   838 | D:4      | Succumbed to a goblin's poison

Action                   || total
-------------------------++-------
Melee: Spear             ||    21
       Short sword       ||     7
       Dagger            ||    15
  Use: Potion            ||     2
 Stab: Sleeping          ||     2
